 Seeded DCSS version 0.30-a0-760-g5a9884b (webtiles) character file.

Game seed: 845524621402357905 (custom seed)

9247 Geeful the Thaumaturge (level 11, -1/84 HPs)
             Began as a Mummy Necromancer on Jan 16, 2023.
             Was an Elder of Kikubaaqudgha.
             Slain by an unseen horror (8 damage)
             ... on level 10 of the Dungeon on Feb 10, 2023.
             The game lasted 01:32:49 (13349 turns).

Geeful the Thaumaturge (Mummy Necromancer)         Turns: 13349, Time: 01:32:50

Health: -1/84      AC: 13    Str: 12    XL:     11   Next: 20%
Magic:  24/24      EV: 19    Int: 18    God:    Kikubaaqudgha [****..]
Gold:   644        SH:  0    Dex: 13    Spells: 13/28 levels left

rFire   x . .      SeeInvis .    a - +4 dagger of Absolution {freeze, rN+ Will+}
rCold   + . .      Faith    +    (no shield)
rNeg    + + +      Spirit   .    B - +0 steam dragon scales
rPois   ∞          Reflect  .    s - +0 helmet
rElec   .          Harm     .    A - +0 cloak
rCorr   .          Rampage  .    h - +0 pair of gloves
Will    ++...                    y - +0 pair of boots
Stlth   +++                      (no amulet)
HPRegen 0.34/turn                u - +5 ring of evasion
MPRegen 0.19/turn                p - +4 ring of protection

@: no status effects
A: cold resistance 1, negative energy resistance 3, torment resistance 2, heat
vulnerability 1, in touch with death 1, no potions, faith
a: Renounce Religion, Unearth Wretches


You were on level 10 of the Dungeon.
You worshipped Kikubaaqudgha.
Kikubaaqudgha was greatly pleased with you.
You visited 2 branches of the dungeon, and saw 12 of its levels.

You collected 852 gold pieces.
You spent 208 gold pieces at shops.

Inventory:

Hand Weapons
 a - the +4 dagger of Absolution (weapon) {freeze, rN+ Will+}
   (You found it on level 2 of the Dungeon)

   rN:        It protects you from negative energy.
   Will:      It increases your willpower.
 b - a +4 heavy dagger
 o - a +2 short sword of protection
 v - a +0 short sword of venom
 J - a +3 scimitar of holy wrath
Missiles
 d - a boomerang (quivered)
 i - 3 javelins
 F - a silver boomerang
 I - 2 throwing nets
Armour
 h - a +0 pair of gloves (worn)
 k - a +0 robe
 n - a +2 kite shield
 s - a +0 helmet (worn)
 y - a +0 pair of boots (worn)
 A - a +0 cloak (worn)
 B - +0 steam dragon scales (worn)
Jewellery
 c - a +6 ring of strength
 g - a ring of fire
 p - a +4 ring of protection (right hand)
 u - a +5 ring of evasion (left hand)
 w - a ring of fire
 x - a ring of protection from fire
 z - a +6 ring of strength
Wands
 r - a wand of flame (5)
Scrolls
 e - 3 scrolls of enchant weapon
 f - 4 scrolls of enchant armour
 j - 7 scrolls of teleportation
 l - 5 scrolls of identify
 q - 3 scrolls of magic mapping
 C - a scroll of immolation
 E - a scroll of silence
 H - 3 scrolls of vulnerability
Miscellaneous
 m - a lightning rod (inert)


   Skills:
 + Level 7.0 Fighting
 + Level 5.5 Short Blades
 + Level 6.2 Dodging
 - Level 6.2 Stealth
 + Level 1.3 Shields
 + Level 9.0 Spellcasting
 + Level 2.5 Hexes
 + Level 8.3 Necromancy


You had 13 spell levels left.
You knew the following spells:

 Your Spells              Type           Power      Damage    Failure   Level
a - Necrotise             Necr           100%       1d9       1%          1
b - Vampiric Draining     Necr           55%        2d9       1%          3
c - Agony                 Necr           55%        N/A       8%          5
d - Anguish               Hex/Necr       20%        N/A       10%         4
e - Ensorcelled Hibernat  Hex/Ice        24%        N/A       8%          2

Your spell library contained the following spells:

 Spells                   Type           Power      Damage    Failure   Level
 Kiss of Death            Conj/Necr      100%       2d13      1%          1
 Animate Dead             Necr           55%        N/A       2%          4
 Cigotuvi's Dreadful Rot  Necr/Pois/Air  54%        N/A       4%          2
 Passwall                 Tmut/Erth      6%         N/A       13%         2
 Dazzling Flash           Conj/Hex       24%        N/A       16%         3
 Inner Flame              Hex/Fire       12%        N/A       16%         3
 Gell's Gravitas          Tloc           8%         N/A       26%         3
 Swiftness                Air            8%         N/A       26%         3
 Teleport Other           Tloc           8%         N/A       26%         3
 Borgnjor's Vile Clutch   Necr/Erth      17%        N/A       41%         5
 Death Channel            Necr           27%        N/A       41%         6
 Flame Wave               Conj/Fire      8%         2d5       65%         4
 Sticky Flame             Conj/Fire      8%         2d3       65%         4
 Silence                  Hex/Air        6%         N/A       82%         5
 Freezing Cloud           Conj/Ice/Air   4%         6-21      94%         5
 Simulacrum               Ice/Necr       17%        N/A       94%         6
 Dispersal                Tloc           4%         N/A       100%        6
 Polar Vortex             Ice            4%         N/A       100%        9


Dungeon Overview and Level Annotations

Branches:
Dungeon (11/15)            Temple (1/1) D:4            Lair (0/5) D:8
    Orc (0/2) D:11

Altars:
Ashenzari
Cheibriados
Dithmenos
Fedhas
Gozag
Hepliaklqana
Kikubaaqudgha
Makhleb
Nemelex Xobeh
Okawaru
Qazlal
Ru
Sif Muna
Trog
Uskayaw
Vehumet
Wu Jian
Xom
Yredelemnul

Shops:
D:5 *   D:10 *

Annotations:
D:7 2 transporters, SuisLittleHoshiymin's ghost, novice HuHs
D:9 exclusion: downstairs
D:10 1 runed translucent door, exclusion: downstairs


Innate Abilities, Weirdness & Mutations

You are immune to poison.
Your flesh is cold resistant. (rC+)
You are immune to negative energy. (rN+++)
You are immune to unholy pain and torment.
You are vulnerable to heat. (rF-)
You are in touch with the powers of death.
You do not drink.
You have a special connection with the divine. (Faith)


Message History

Something hits you.
Something hits you but does no damage. x3
You miss something. Something hits you.
You closely miss something. Something barely misses you. Something hits you.
You hit something but do no damage. Something hits you.
You hit something. You freeze something. Something barely misses you.
You hit something but do no damage. Something closely misses you.
Something barely misses you.
You miss something. Something closely misses you.
Something hits you but does no damage. Something hits you.
You closely miss something. Something hits you.
You hit something. You freeze something. Something hits you.
Something hits you. Something hits you!
You barely miss something. Something hits you but does no damage.
Something hits you!
You hit something but do no damage. Something hits you but does no damage.
Something hits you! x2
* * * LOW HITPOINT WARNING * * *
You hit something but do no damage. Something hits you.
* * * LOW HITPOINT WARNING * * *
Something hits you but does no damage. Something closely misses you.
Something hits you but does no damage. x2
Something barely misses you. Something misses you. Something hits you.
* * * LOW HITPOINT WARNING * * *
You hit something. You freeze something. Something hits you.
* * * LOW HITPOINT WARNING * * *
Something hits you but does no damage. Something hits you but does no damage.
Something barely misses you.
Aiming: Throw Flame
Press: ? - help, Shift-Dir - straight line Something hits you but does no damage.
Something hits you.
* * * LOW HITPOINT WARNING * * *
Aiming: Throw Flame
Press: ? - help, Shift-Dir - straight line The puff of flame hits something.
Something hits you!
You die...
Kikubaaqudgha rasps: "You have failed me!
Welcome... oblivion!"

#.###........# #|.......
#..#...#..#### #........ #
##...#.#..# #####.###
#####....#..#### #.##
........##.....#### #..#
#####.......##....######## ##.#
####........####........#####.##
#.........#.<..########...##...#
##....>.........@...######..#...#
[).........#....###.............#
##.........##.#.# ########.#....#
#.........##.#.# #.....>.
#.........##...# ####...#
#.........###..## #...#
#.........# #...# #...#
#.........# #...# #...#
#.........# #>..# #...#


There were no monsters in sight!

Vanquished Creatures
  Harold (D:10)
  A manticore (D:10)
  A gargoyle (D:11)
  An unseen horror (D:11)
  Psyche (D:10)
  A komodo dragon (D:10)
  2 trolls
  2 shadows
  A vampire (D:11)
  3 wraiths
  5 yaks
  2 vampire mosquitoes (D:11)
  3 steam dragons
  An acid dragon (D:9)
  A water moccasin (D:8)
  5 sky beasts
  6 orc warriors
  A black bear (D:6)
  2 ice beasts
  2 wolves (D:9)
  A centaur (D:11)
  3 phantoms
  2 bullfrogs
  A kobold brigand (D:6)
  2 gnoll sergeants
  3 scorpions
  4 wights (D:6)
  10 killer bees
  A howler monkey (D:10)
  5 hounds
  4 jellies
  A gnoll bouda (D:8)
  An orc priest (D:8)
  Crazy Yiuf (D:7)
  2 iguanas
  6 orc wizards
  14 gnolls
  6 adders
  A white imp (D:6)
  A worm (D:2)
  A dart slug (D:1)
  40 orcs
  14 bats
  9 endoplasms
  6 giant cockroaches
  5 goblins
  6 hobgoblins
  3 jackals (D:1)
  8 kobolds
  3 quokkas
  6 ball pythons
  3 rats
215 creatures vanquished.

Vanquished Creatures (collateral kills)
  Grum (D:9)
  A dart slug (D:2)
  A giant cockroach (D:2)
  A ball python (D:2)
  A frilled lizard (D:2)
  3 kobolds (D:6)
  A rat (D:1)
9 creatures vanquished.

Vanquished Creatures (others)
  An unseen horror (D:11)
  A yak (D:9)
  2 orc wizards
  An adder (D:8)
  An orc (D:8)
  7 plants (D:2)
13 creatures vanquished.

Grand Total: 237 creatures vanquished

Notes
Turn   | Place    | Note
-------+----------+-------------------------------------------
     0 | D:1      | Geeful the Mummy Necromancer began the quest for the Orb.
     0 | D:1      | Reached XP level 1. HP: 13/13 MP: 4/4
   191 | D:1      | Reached XP level 2. HP: 20/20 MP: 2/5
   273 | D:1      | Reached skill level 3 in Spellcasting
   407 | D:1      | You fall into a shaft and drop 1 floor!
   424 | D:2      | Reached skill level 1 in Fighting
   429 | D:2      | Gained mutation: You are in touch with the powers of death.
                  | [Mummy growth]
   429 | D:2      | Reached XP level 3. HP: 26/26 MP: 3/7
   677 | D:2      | Found a faded altar of an unknown god.
   689 | D:2      | Identified the +4 dagger of Absolution {freeze, rN+ Will+}
  1013 | D:1      | Reached XP level 4. HP: 32/32 MP: 9/9
  1017 | D:1      | Learned a level 3 spell: Vampiric Draining
  1285 | D:2      | Identified the +8 short sword "Petu" {freeze, Int+6}
  2346 | D:4      | Found a staircase to the Ecumenical Temple.
  2355 | Temple   | Entered the Ecumenical Temple
  2713 | D:4      | Noticed a scorpion
  2717 | D:4      | Killed a scorpion
  2718 | D:4      | Reached XP level 5. HP: 38/38 MP: 5/10
  2764 | D:4      | Reached skill level 1 in Short Blades
  2764 | D:4      | Reached skill level 4 in Spellcasting
  2899 | D:4      | Found a blossoming altar of Fedhas.
  3176 | D:5      | Entered Level 5 of the Dungeon
  3210 | D:5      | Found a burning altar of Makhleb.
  3216 | D:5      | Found an ornate altar of the Wu Jian Council.
  3219 | D:5      | Found an ancient bone altar of Kikubaaqudgha.
  3219 | D:5      | Found a basalt altar of Yredelemnul.
  3226 | D:5      | Found a sacrificial altar of Ru.
  3232 | D:5      | Became a worshipper of Kikubaaqudgha
  3314 | D:5      | Found Byuklojo's General Store.
  3323 | D:5      | Bought a scroll of identify for 22 gold pieces
  3357 | D:5      | Reached XP level 6. HP: 39/46 MP: 12/12
  4028 | D:6      | Noticed a sky beast
  4037 | D:6      | Killed a sky beast
  4038 | D:6      | Reached skill level 5 in Necromancy
  4053 | D:6      | Reached XP level 7. HP: 18/51 MP: 9/13
  4352 | D:6      | Reached skill level 5 in Spellcasting
  4471 | D:6      | Learned a level 5 spell: Agony
  4646 | D:6      | Reached XP level 8. HP: 58/59 MP: 14/16
  4956 | D:6      | Reached * piety under Kikubaaqudgha
  4956 | D:6      | Received a gift from Kikubaaqudgha
  5527 | D:7      | Reached skill level 6 in Spellcasting
  5784 | D:7      | Noticed SuisLittleHoshiymin's ghost (novice HuHs)
  5792 | D:7      | Found a transporter.
  5797 | D:7      | Found a transporter.
  5985 | D:7      | Found a runed translucent door.
  5986 | D:7      | Noticed Crazy Yiuf
  5994 | D:7      | Killed Crazy Yiuf
  6078 | D:8      | HP: 3/61 [something (6)]
  6086 | D:8      | HP: 1/61 [something (6)]
  6089 | D:8      | Reached XP level 9. HP: 7/66 MP: 1/18
  6861 | D:8      | Upgraded the game from 0.30-a0-637-gacddeb6 to
                  | 0.30-a0-691-g754fce4
  6901 | D:8      | Reached ** piety under Kikubaaqudgha
  6919 | D:8      | Reached skill level 5 in Fighting
  7004 | D:8      | Reached skill level 7 in Spellcasting
  7502 | D:5      | Bought a scroll of enchant weapon for 82 gold pieces
  7502 | D:5      | Bought a scroll of brand weapon for 104 gold pieces
  7581 | D:8      | Found a staircase to the Lair.
  7681 | D:9      | Found a broken altar of Ashenzari.
  7847 | D:9      | Reached skill level 5 in Dodging
  7847 | D:9      | Reached skill level 5 in Stealth
  8426 | D:9      | Upgraded the game from 0.30-a0-691-g754fce4 to
                  | 0.30-a0-696-g2367cd0
  8429 | D:9      | Noticed Grum
  8439 | D:9      | Killed Grum
  8440 | D:9      | Reached XP level 10. HP: 76/76 MP: 21/21
  9126 | D:10     | Entered Level 10 of the Dungeon
  9128 | D:10     | Noticed a manticore
  9147 | D:10     | Killed a manticore
  9148 | D:10     | Reached skill level 8 in Spellcasting
  9217 | D:10     | Noticed Psyche
  9242 | D:10     | Killed Psyche
  9351 | D:10     | Noticed Harold
  9547 | D:10     | Found a runed translucent door.
  9550 | D:10     | Noticed a two-headed ogre
  9850 | D:10     | Found Boffuj's Lightly-Used Armoury.
  9909 | D:10     | Reached *** piety under Kikubaaqudgha
  9909 | D:10     | Received a gift from Kikubaaqudgha
  9915 | D:10     | Learned a level 4 spell: Anguish
 10136 | D:10     | Reached skill level 5 in Short Blades
 10145 | D:10     | Killed Harold
 10146 | D:10     | Reached skill level 1 in Hexes
 10146 | D:10     | Upgraded the game from 0.30-a0-696-g2367cd0 to
                  | 0.30-a0-715-gdb4ae3e
 10940 | D:11     | Learned a level 2 spell: Ensorcelled Hibernation
 11187 | D:11     | Reached XP level 11. HP: 73/83 MP: 23/23
 11231 | D:11     | Upgraded the game from 0.30-a0-715-gdb4ae3e to
                  | 0.30-a0-739-gea05fad
 11781 | D:11     | Reached **** piety under Kikubaaqudgha
 11782 | D:11     | Reached skill level 1 in Shields
 12023 | D:10     | Upgraded the game from 0.30-a0-739-gea05fad to
                  | 0.30-a0-760-g5a9884b
 12125 | D:11     | Identified the +9 mace of Gozag's Righteous Fury {drain,
                  | Int+3}
 12300 | D:11     | Reached skill level 9 in Spellcasting
 12341 | D:11     | Found a staircase to the Orcish Mines.
 12683 | D:11     | HP: 4/84 [something (4)]
 12688 | D:11     | HP: 1/84 [something (4)]
 13349 | D:10     | Slain by an unseen horror

Illustrated notes

Levels and vault maps discovered:
D:1:      psy_arrival_basics, layout_basic, corner_web_ring
D:2:      layout_rooms, shapermc_ecumenical_altar_mp_urbaneastern,
          serial_rivers, chequers_serial_rivers_small_a,
          chequers_serial_rivers_room_b, chequers_serial_rivers_small_a,
          chequers_serial_rivers_large_b
D:3:      layout_loops_ring, serial_bayou_lagoon_b
D:4:      layout_loops_ring, amcnicky_altar_gilded,
          minmay_temple_entry_butterflies
D:5:      layout_gridville, nicolae_overflow_hallway_of_the_gods, serial_shops,
          nicolae_shop_stone
D:6:      black_bear_nest_2, layout_loops_corners, serial_glass,
          glass_columns_a, glass_columns_a
D:7:      layout_cave_pools, gammafunk_ghost_hive, uniq_crazy_yiuf_cottage
D:8:      layout_loops_corners, lair_entry_dummy, special_room
          [special_room_orc]
D:9:      layout_rooms, nicolae_ashenzari_skybound, serial_co_window_serial,
          co_window_paths_b, co_window_of_opportunity_a, co_window_paths_b,
          co_window_corner_a, co_window_of_opportunity_a, co_window_2corner,
          co_window_unsneaky_path_b, co_window_broadway_b, co_window_2corner,
          co_window_of_opportunity_b, co_window_corner_b,
          co_window_unsneaky_path_a, uniq_grum
D:10:     lemuel_ice_spiral_2, layout_rooms, minmay_shop_damaged,
          minmay_st_funbox, uniq_psyche, uniq_harold
D:11:     layout_roguey, hiddenorc1_lemuel, amcnicky_mini_pool_small,
          hangedman_batty
Temple:   eino_wide_crystal_templ

Skill      XL: |  1  2  3  4  5  6  7  8  9 10 11 |
---------------+----------------------------------+-----
Spellcasting   | 3 4 5 6 7 8 9 |  9.0
Fighting       | 1 2 3 4 5 6 7 |  7.0
Dodging        | 2 3 4 5 6 |  6.2
Stealth        | 2 3 4 5 6 |  6.2
Short Blades   | 1 2 3 4 5 |  5.5
Necromancy     | 5 6 7 8 |  8.3
Hexes          | 2 |  2.5
Shields        | 1 |  1.3

Action                     |  1- 3 |  4- 6 |  7- 9 | 10-12 || total
---------------------------+-------+-------+-------+-------++-------
  Melee: Spear             |    70 |       |       |       ||    70
         Mace              |     3 |       |       |       ||     3
         Dagger            |    24 |   111 |   442 |   321 ||   898
         Punch             |       |       |     6 |     1 ||     7
         Short sword       |       |       |    32 |    14 ||    46
  Throw: Boomerang         |       |       |    11 |     1 ||    12
   Cast: Necrotise         |    17 |    18 |    26 |       ||    61
         Vampiric Draining |       |       |    27 |    36 ||    63
         Agony             |       |       |       |     9 ||     9
         Ensorcelled Hiber |       |       |       |     6 ||     6
         Anguish           |       |       |       |     1 ||     1
 Invoke: Unearth Wretches  |       |       |     1 |       ||     1
  Evoke: Wand              |       |       |    17 |    21 ||    38
         Lightning rod     |       |       |       |     5 ||     5
    Use: Scroll            |       |     4 |     9 |     5 ||    18
   Stab: Sleeping          |     2 |     7 |     2 |     6 ||    17
         Paralysed         |       |       |     2 |       ||     2
 Armour: Robe              |    29 |    17 |    47 |       ||    93
         Steam dragon scal |       |       |    78 |   234 ||   312
  Dodge: Dodged            |    66 |    45 |   365 |   408 ||   884

Table legend: (Time is in decaauts)
 A = Elapsed time spent in this place.
 B = Non-inter-level travel time spent in this place.
 C = Inter-level travel time spent in this place.
 D = Time resting spent in this place.
 E = Time spent auto-exploring this place.
 F = Levels seen in this place.
 G = Mean time per level.
                   A        B        C        D        E       F      G
               +--------+--------+--------+--------+--------+-----+--------+
         Total |  13334 |  12884 |    450 |   2513 |   6750 |  12 | 1111.2 |
       Dungeon |  13242 |  12792 |    450 |   2513 |   6745 |  11 | 1203.8 |
        Temple |     91 |     91 |      0 |      0 |      5 |   1 |   91.0 |
               +--------+--------+--------+--------+--------+-----+--------+

Top non-repeatable levels by time:
    D:10: 1949 daAuts
     D:9: 1867 daAuts
    D:11: 1746 daAuts
     D:8: 1642 daAuts
     D:6: 1552 daAuts
     D:1: 881 daAuts
     D:4: 797 daAuts
     D:3: 794 daAuts
     D:7: 692 daAuts
     D:2: 661 daAuts
     D:5: 657 daAuts
  Temple: 91 daAuts
